 Dungeon Crawl Stone Soup version 0.28.0-53-g5a82cb258f (webtiles) character file.

Game seed: 3369004365278859693

232 Zeld the Charlatan (level 6, 53/53 HPs)
             Began as a Gnoll Wanderer on May 27, 2022.
             Quit the game on level 4 of the Dungeon.
             The game lasted 00:02:56 (3157 turns).

Zeld the Charlatan (Gnoll Wanderer)                 Turns: 3157, Time: 00:02:57

Health: 53/53      AC:  6    Str: 12    XL:     6   Next: 4%
Magic:  8/8        EV: 11    Int: 10    God:
Gold:   98         SH:  0    Dex: 14    Spells: 8/8 levels left

rFire   . . .      SeeInvis .   a - +1 hand crossbow
rCold   . . .      Faith    .   (no shield)
rNeg    . . .      Spirit   .   d - +2 leather armour {rPois}
rPois   +          Reflect  .   k - +0 helmet
rElec   .          Harm     .   (no cloak)
rCorr   .          Rampage  .   (no gloves)
Will    .....                   (no boots)
Stlth   ++........              (no amulet)
HPRegen 0.17/turn               (no ring)
MPRegen 0.11/turn               (no ring)

@: no status effects
A: fangs 1, strong nose, distributed training
a: no special abilities


You were on level 4 of the Dungeon.
You visited 1 branch of the dungeon, and saw 5 of its levels.

You collected 98 gold pieces.

Inventory:

Hand Weapons
 a - a +1 hand crossbow (weapon)
Armour
 d - a +2 leather armour of poison resistance (worn)
 k - a +0 helmet (worn)
Wands
 q - a wand of acid (8)
Scrolls
 f - a scroll of fear {unknown}
 h - 6 scrolls of identify {unknown}
 l - a scroll of torment {unknown}
 o - 5 scrolls of enchant weapon {unknown}
 p - 3 scrolls of fog {unknown}
Potions
 e - a potion of attraction {unknown}
 g - a potion of might {unknown}
 i - a potion of lignification {unknown}
 j - a potion of heal wounds {unknown}
 m - a potion of haste {unknown}
 n - a potion of invisibility {unknown}
 r - a potion of flight {unknown}
Miscellaneous
 b - a phantom mirror


   Skills:
 + Level 6.7 Fighting
 + Level 1.7 Short Blades
 + Level 1.7 Long Blades
 + Level 1.7 Axes
 + Level 1.7 Maces & Flails
 + Level 1.7 Polearms
 + Level 1.7 Staves
 + Level 1.7 Slings
 + Level 1.7 Bows
 + Level 4.9 Crossbows
 + Level 1.7 Throwing
 + Level 1.7 Armour
 + Level 1.7 Dodging
 + Level 2.9 Stealth
 + Level 1.7 Shields
 + Level 1.7 Unarmed Combat
 + Level 1.7 Spellcasting
 + Level 1.3 Conjurations
 + Level 1.3 Hexes
 + Level 1.3 Summonings
 + Level 1.3 Necromancy
 + Level 1.3 Translocations
 + Level 1.3 Transmutations
 + Level 1.3 Fire Magic
 + Level 1.3 Ice Magic
 + Level 1.3 Air Magic
 + Level 1.3 Earth Magic
 + Level 1.3 Poison Magic
 + Level 3.2 Invocations
 + Level 6.7 Evocations


You had 8 spell levels left.
You didn't know any spells.
Your spell library contained the following spells:

 Spells                   Type           Power      Damage    Failure   Level
 Ignite Poison            Fire/Tmut/Pois 3%         N/A       56%         3
 Mephitic Cloud           Conj/Pois/Air  3%         N/A       56%         3
 Freezing Cloud           Conj/Ice/Air   1%         6-21      100%        5
 Chain Lightning          Conj/Air       1%         3d2       100%        9
 Fire Storm               Conj/Fire      1%         8d1       100%        9
 Shatter                  Erth           1%         3d6*      100%        9


Dungeon Overview and Level Annotations

Branches:
Dungeon (5/15)
 Temple: D:4-7

Altars:
Cheibriados
Qazlal


Innate Abilities, Weirdness & Mutations

You have very sharp teeth.
Your uncanny sense of smell can sniff out nearby items.
Your experience applies equally to all skills.


Message History

The orc grunts loudly.
There is a stone staircase leading up here.
You don't know any spells.
The hound zombie barely misses you.
You climb upwards.
You hear the sound of rushing water.
There is an entrance to a sewer on this level.
Hurry and find it before the portal rusts away!
Found a book of Annihilations and a fuming white potion.
Found a stone staircase leading up.
There is a stone staircase leading down here.
You hear the slow rusting of a drain nearby.
HP restored.
You pick up a book of Annihilations and begin reading...
You add the spells Chain Lightning, Fire Storm and Shatter to your library.
There is a stone staircase leading down here.
A hound skeleton comes into view.
Okay, then.
There is a stone staircase leading down here.
No target in view!
No target in view!
No target in view!
No target in view!
There is a stone staircase leading down here.
You do not have any ammo quivered for your +1 hand crossbow.
A hound skeleton is nearby!
A hound skeleton is nearby!
You do not have any ammo quivered for your +1 hand crossbow.
You do not have any ammo quivered for your +1 hand crossbow.
A hound skeleton is nearby!
You do not have any ammo quivered for your +1 hand crossbow.
You do not have any ammo quivered for your +1 hand crossbow.
A hound skeleton comes into view.
Found 10 arrows.
You do not have any ammo quivered for your +1 hand crossbow.
Found 18 gold pieces and 5 sling bullets.
You do not have any ammo quivered for your +1 hand crossbow.
You do not have any ammo quivered for your +1 hand crossbow.
You do not have any ammo quivered for your +1 hand crossbow.
You do not have any ammo quivered for your +1 hand crossbow.
Are you sure you want to abandon this character and quit the game? (Confirm with "yes".)

.(.$. ......
...... ......#
......( ##
...<.#. ####..
......Z##...
.......@#.#####
.....#.Z..>...#
...
#..#####...# .
..!... ###..#
...#.##.# #....
...#.. .# ###.#
###..# .# # #.#
.. .. ##


You could see 2 hound skeletons.

Vanquished Creatures
  A hound (D:5)
  2 orc priests (D:3)
  Ijyb (D:3)
  An orc wizard (D:3)
  Robin (D:3)
  An adder (D:5)
  A worm (D:3)
  A dart slug (D:1)
  3 orcs
  6 endoplasms
  A giant cockroach (D:2)
  12 goblins
  10 hobgoblins
  3 jackals (D:2)
  A quokka (D:1)
  2 ball pythons (D:1)
  4 bats
  A frilled lizard (D:1)
  6 kobolds
  5 rats
63 creatures vanquished.

Notes
Turn   | Place    | Note
-------+----------+-------------------------------------------
     0 | D:1      | Zeld the Gnoll Wanderer began the quest for the Orb.
     0 | D:1      | Zeld set off with the following items: a +1 hand crossbow,
                  | a phantom mirror, 26 bolts, a +0 robe
     0 | D:1      | Reached XP level 1. HP: 23/23 MP: 2/2
   214 | D:1      | Reached XP level 2. HP: 29/29 MP: 3/3
   858 | D:2      | Reached XP level 3. HP: 35/35 MP: 4/4
  1035 | D:2      | Found a faded altar of an unknown god.
  1724 | D:3      | Noticed Robin
  1732 | D:3      | Reached skill level 1 in Short Blades
  1732 | D:3      | Reached skill level 1 in Long Blades
  1732 | D:3      | Reached skill level 1 in Axes
  1732 | D:3      | Reached skill level 1 in Maces & Flails
  1732 | D:3      | Reached skill level 1 in Polearms
  1732 | D:3      | Reached skill level 1 in Staves
  1732 | D:3      | Reached skill level 1 in Slings
  1732 | D:3      | Reached skill level 1 in Bows
  1732 | D:3      | Reached skill level 1 in Throwing
  1732 | D:3      | Reached skill level 1 in Armour
  1732 | D:3      | Reached skill level 1 in Dodging
  1732 | D:3      | Reached skill level 1 in Shields
  1732 | D:3      | Reached skill level 1 in Unarmed Combat
  1732 | D:3      | Reached skill level 1 in Spellcasting
  1741 | D:3      | Killed Robin
  1742 | D:3      | Reached XP level 4. HP: 21/41 MP: 6/6
  2071 | D:3      | Found a snail-covered altar of Cheibriados.
  2357 | D:3      | Noticed Ijyb
  2367 | D:3      | Killed Ijyb
  2368 | D:3      | Reached skill level 1 in Conjurations
  2368 | D:3      | Reached skill level 1 in Hexes
  2368 | D:3      | Reached skill level 1 in Summonings
  2368 | D:3      | Reached skill level 1 in Necromancy
  2368 | D:3      | Reached skill level 1 in Translocations
  2368 | D:3      | Reached skill level 1 in Transmutations
  2368 | D:3      | Reached skill level 1 in Fire Magic
  2368 | D:3      | Reached skill level 1 in Ice Magic
  2368 | D:3      | Reached skill level 1 in Air Magic
  2368 | D:3      | Reached skill level 1 in Earth Magic
  2368 | D:3      | Reached skill level 1 in Poison Magic
  2769 | D:3      | Reached XP level 5. HP: 43/47 MP: 7/7
  2950 | D:3      | You fall into a shaft and drop 2 floors!
  2950 | D:5      | Entered Level 5 of the Dungeon
  2950 | D:5      | Found a stormy altar of Qazlal.
  3025 | D:5      | Reached XP level 6. HP: 53/53 MP: 8/8
  3157 | D:4      | Quit the game

Illustrated notes

Levels and vault maps discovered:
D:1:      nzn_arrival_depleted_hourglass, layout_basic
D:2:      layout_loops_ring, shapermc_ecumenical_altar_notcrosses,
          minmay_heptomino_o4
D:3:      layout_basic, cheibrodos_worm_habitat,
          mainiacjoe_overflow_tiny_flanked, uniq_terence, uniq_robin, uniq_ijyb
D:4:      layout_rooms, gup_sewer_entry_spiral
D:5:      layout_basic, kennysheep_mini, general_overflow_altar, serial_shops,
          shop, shop_scrolls, uniq_pikel

Skill      XL: |  1  2  3  4 |
---------------+-------------+-----
Short Blades   | 1 |  1.7
Long Blades    | 1 |  1.7
Axes           | 1 |  1.7
Maces & Flails | 1 |  1.7
Polearms       | 1 |  1.7
Staves         | 1 |  1.7
Slings         | 1 |  1.7
Bows           | 1 |  1.7
Throwing       | 1 |  1.7
Armour         | 1 |  1.7
Dodging        | 1 |  1.7
Shields        | 1 |  1.7
Unarmed Combat | 1 |  1.7
Spellcasting   | 1 |  1.7
Conjurations   | 1 |  1.3
Hexes          | 1 |  1.3
Summonings     | 1 |  1.3
Necromancy     | 1 |  1.3
Translocations | 1 |  1.3
Transmutations | 1 |  1.3
Fire Magic     | 1 |  1.3
Ice Magic      | 1 |  1.3
Air Magic      | 1 |  1.3
Earth Magic    | 1 |  1.3
Poison Magic   | 1 |  1.3
Invocations    | 3 |  3.2
Fighting       | |  6.7
Crossbows      | |  4.9
Stealth        | |  2.9
Evocations     | |  6.7

Action                   |  1- 3 |  4- 6 || total
-------------------------+-------+-------++-------
Melee: Trident           |       |     3 ||     3
       Punch             |       |     1 ||     1
       Hand crossbow     |       |    10 ||    10
       Bite              |       |     4 ||     4
 Fire: Hand crossbow     |    73 |    67 ||   140
Armor: Robe              |     2 |       ||     2
       Leather armour    |       |    11 ||    11
Dodge: Dodged            |    11 |    33 ||    44
